 Dungeon Crawl Stone Soup version 0.20.0-15-g7f486f2 (webtiles) character file.

170 theRoog the Chopper (level 5, -6/47 HPs)
             Began as a Minotaur Berserker on June 28, 2017.
             Was a Priest of Trog.
             Mangled by an ogre
             ... wielding a +0 giant club
              (24 damage)
             ... on level 5 of the Dungeon.
             The game lasted 00:02:59 (2316 turns).

theRoog the Chopper (Minotaur Berserker)            Turns: 2316, Time: 00:03:00

Health: -6/47      AC: 10    Str: 23    XL:     5   Next: 25%
Magic:  4/4        EV:  4    Int:  4    God:    Trog [***...]
Gold:   84         SH: 12    Dex:  9    Spells: 4/4 levels left

rFire    . . .     SeeInvis .   a - +0 hand axe
rCold    . . .     Gourm    .   r - +0 large shield
rNeg     . . .     Faith    .   l - +0 chain mail
rPois    .         Spirit   .   (helmet restricted)
rElec    .         Reflect  .   w - +0 cloak
rCorr    .         Harm     .   (no gloves)
MR       .....     Rnd*Tele +   (no boots)
Stlth    ..........             (no amulet)
Regen    0.2/turn               g - ring of stealth
MPRegen  0.1/turn               v - ring of teleportation (curse)

@: no status effects
A: retaliatory headbutt, horns 2
a: Berserk, Trog's Hand, Burn Spellbooks, Renounce Religion


You were on level 5 of the Dungeon.
You worshipped Trog.
Trog was most pleased with you.
You were not hungry.

You visited 1 branch of the dungeon, and saw 4 of its levels.

You collected 84 gold pieces.

Inventory:

Hand Weapons
 a - a +0 hand axe (weapon)
 k - a +0 spear of venom
Armour
 b - a +0 animal skin
 j - a +0 leather armour
 l - a +0 chain mail (worn)
 r - a +0 large shield (worn)
 w - a +0 cloak (worn)
Jewellery
 g - a ring of stealth (left hand)
 q - a cursed -2 ring of protection {unknown}
 v - a cursed ring of teleportation (right hand)
Scrolls
 c - 2 scrolls of teleportation {unknown}
 e - 7 scrolls of identify {unknown}
 f - 5 scrolls of remove curse {unknown}
 i - 2 scrolls of immolation {unknown}
 m - a scroll of random uselessness {unknown}
 u - a scroll of enchant weapon {unknown}
Potions
 d - 4 potions of haste
 n - a potion of flight {unknown}
 p - a potion of mutation {unknown}
 t - a potion of curing {unknown}
 x - a potion of brilliance {unknown}
Comestibles
 h - a meat ration
 o - 3 fruits
 s - a bread ration


   Skills:
 + Level 4.7 Fighting
 + Level 5.3 Axes
 + Level 3.4 Armour
 + Level 3.1 Dodging
 + Level 0.3 Stealth


You had 4 spell levels left.
You didn't know any spells.

Dungeon Overview and Level Annotations

Branches:
Dungeon (3/15)

Altars:


Innate Abilities, Weirdness & Mutations

You reflexively headbutt those who attack you in melee.
You have a pair of horns on your head.


Message History

You hit the ogre. You headbutt the ogre.
The ogre is heavily wounded.
The ogre hits you with a giant club!!
You are too injured to fight recklessly!
You are too injured to fight recklessly!
You are too injured to fight recklessly!
You are too injured to fight recklessly!
You are too injured to fight recklessly!
You are too injured to fight recklessly!
You are too injured to fight recklessly!
You are too injured to fight recklessly!
An ogre is nearby!
You slash the ogre! Your headbutt misses the ogre.
The ogre is severely wounded.
You block the ogre's attack.
You barely miss the ogre.
The ogre is severely wounded.
The ogre hits you with a giant club!!
Ouch! That really hurt!
You die...

.(.. .... ...# #..#####
#. #.....#########
###..# #.............
......#####.............
................@O......
#.........#############
###........#
#..<.......## .
#........# ..#........#
#[..........#
............#
.#.#........#


You could see an ogre.

Vanquished Creatures
  A crimson imp (D:5)
  Robin (D:2)
  3 adders
  A gnoll (D:1)
  An ooze (D:3)
  5 dart slugs
  2 leopard geckos
  2 giant cockroaches
  8 goblins
  14 hobgoblins
  6 jackals (D:2)
  A quokka (D:3)
  6 bats
  2 frilled lizards
  7 kobolds
  A quokka skeleton (D:5)
  11 rats
72 creatures vanquished.

Notes
Turn   | Place    | Note
-------+----------+-------------------------------------------
     0 | D:1      | theRoog the Minotaur Berserker began the quest for the Orb.
     0 | D:1      | Reached XP level 1. HP: 19/19 MP: 0/0
    33 | D:1      | Reached skill level 4 in Axes
    33 | D:1      | Reached XP level 2. HP: 20/27 MP: 1/1
   188 | D:1      | Reached ** piety under Trog
   190 | D:1      | Reached XP level 3. HP: 5/33 MP: 2/2
   756 | D:2      | Noticed Robin
   767 | D:2      | Killed Robin
   767 | D:2      | Reached XP level 4. HP: 9/41 MP: 3/3
   774 | D:2      | HP: 2/41 [poisoned by Robin]
  1611 | D:2      | Reached skill level 5 in Axes
  2179 | D:3      | You fall through a shaft for 2 floors!
  2179 | D:5      | Entered Level 5 of the Dungeon
  2184 | D:5      | Reached *** piety under Trog
  2184 | D:5      | Reached XP level 5. HP: 45/47 MP: 4/4
  2310 | D:5      | Noticed an ogre
  2316 | D:5      | Mangled by an ogre

Skill      XL: |  1  2  3  4 |
---------------+-------------+-----
Axes           | 4 5 |  5.3
Fighting       | 4 |  4.7
Armour         | 3 |  3.4
Dodging        | 3 |  3.1
Stealth        | |  0.3

Action                   |  1- 3 |  4- 6 || total
-------------------------+-------+-------++-------
Melee: Hand axe          |    45 |    72 ||   117
       Headbutt          |     4 |    13 ||    17
Invok: Berserk           |     2 |       ||     2
       Trog's Hand       |       |     1 ||     1
  Use: Potion            |       |     1 ||     1
  Eat: Chunk             |       |     2 ||     2
       Bread ration      |       |     1 ||     1
Armor: Animal skin       |     9 |       ||     9
       Leather armour    |     6 |     8 ||    14
       Chain mail        |       |    22 ||    22
Dodge: Dodged            |    41 |    41 ||    82
Block: Large shield      |       |     7 ||     7
